 Dungeon Crawl Stone Soup version 0.18-a0-1521-g59d19af (webtiles) character file.

656 Ijustatesigmund the Insei (level 7, 0/72 HPs)
             Began as an Octopode Transmuter on Mar 7, 2016.
             Was an Initiate of Sif Muna.
             Splashed by a jelly's acid (8 damage)
             ... on level 7 of the Dungeon.
             The game lasted 00:13:28 (5977 turns).

Ijustatesigmund the Insei (Octopode Transmuter)     Turns: 5977, Time: 00:13:28

Health: 0/72       AC: -11   Str: 14    XL:     7   Next: 55%
Magic:  10/10      EV: 12    Int: 17    God:    Sif Muna [......]
Gold:   230        SH:  3    Dex: 13    Spells: 3 memorised, 4 levels left

rFire  . . .     SeeInvis .       - Unarmed
rCold  . . .     Gourm    .     (no shield)
rNeg   . . .     Faith    .     (helmet restricted)
rPois  .         Spirit   .     o - +3 amulet of reflection
rElec  .         Dismiss  .     h - ring of protection from magic
rCorr  .         Reflect  +     n - ring of stealth
SustAt .         Harm     .     (no ring)
MR     +....                    (no ring)
Stlth  ..........               (no ring)
                                (no ring)
                                (no ring)
                                (no ring)

@: berserking, appendage, corroded equipment, very quick, somewhat resistant to
hostile enchantments, extremely unstealthy
A: almost no armour, amphibious, 8 rings, constrict 8, tentacle spike 3,
camouflage 1, gelatinous body 1
a: End Transformation, Renounce Religion


You were on level 7 of the Dungeon.
You worshipped Sif Muna.
Sif Muna was noncommittal.
You were not hungry.
One of your tentacles had a temporary spike.
You visited 1 branch of the dungeon, and saw 7 of its levels.

You collected 230 gold pieces.

Inventory:

Missiles
 a - 55 arrows
Armour
 i - a +1 buckler
Jewellery
 h - a ring of protection from magic (left tentacle)
 n - a ring of stealth (right tentacle)
 o - a +3 amulet of reflection (around mantle)
Wands
 p - a wand of iceblast (6/15)
 v - a wand of polymorph (18/24)
Scrolls
 f - a scroll of recharging
 k - 2 scrolls of remove curse
 l - a scroll of magic mapping
 s - a scroll of identify
 t - a scroll of amnesia
Potions
 e - 2 potions of flight
 g - 2 potions of might {unknown}
 j - a potion of cure mutation {unknown}
 m - a potion of heal wounds {unknown}
 q - a potion of invisibility {unknown}
 r - a potion of berserk rage
Books
 b - a book of Changes

   Spells                             Type                      Level
   a - Beastly Appendage              Transmutation                1
   b - Sticks to Snakes               Transmutation                2
   c - Spider Form                    Transmutation/Poison         3
   d - Ice Form                       Ice/Transmutation            4
   e - Blade Hands                    Transmutation                5
Comestibles
 c - 5 bread rations
 d - 3 meat rations
 w - 6 beef jerkies


   Skills:
 - Level 4.0 Fighting
 - Level 2.0 Dodging
 - Level 3.0 Stealth
 - Level 5.1 Unarmed Combat
 + Level 2.4 Spellcasting
 + Level 3.8 Transmutations
 - Level 2.5 Poison Magic
 + Level 1.8 Invocations


You had 4 spell levels left.
You knew the following spells:

 Your Spells              Type           Power        Failure   Level  Hunger
a - Beastly Appendage     Trmt           ###...       4%          1    #......
b - Sticks to Snakes      Trmt           ###.....     10%         2    ##.....
c - Spider Form           Trmt/Pois      ##........   17%         3    ###....


Dungeon Overview and Level Annotations

Branches:
Dungeon (7/15)
 Temple: D:4-7

Altars:
Sif Muna

Annotations:
D:6 mrath's ghost, novice DsAK


Innate Abilities, Weirdness & Mutations

You cannot wear most types of armour.
You are amphibious.
You can wear up to eight rings at the same time.
You can use your tentacles to constrict eight enemies at once.
Your skin changes colour to match your surroundings (Stealth).
Your rubbery body absorbs attacks (AC +1).
One of your tentacles bears a large vicious spike.


Message History

Your tentacle spike misses the jelly.
The jelly is heavily wounded.
The jelly jiggles.
The jelly hits you.
You are splashed with acid!
The acid burns!
You tentacle-slap the jelly. The acid corrodes you!
Your tentacles burn!
You pierce the jelly.
You squeeze the jelly.
The jelly is almost dead.
The jelly hits you.
You are splashed with acid!
The acid corrodes you!
The acid burns!
* * * LOW HITPOINT WARNING * * *
The orc hits you.
* * * LOW HITPOINT WARNING * * *
You are too injured to fight recklessly!
Drink which item? (? for menu, Esc to quit)
It was a potion of berserk rage.
A red film seems to cover your vision as you go berserk!
You feel yourself moving faster!
You feel mighty! The jelly hits you.
* * * LOW HITPOINT WARNING * * *
You are splashed with acid!
The acid corrodes you!
The acid burns!
You die...

...... .....#
#?...# ## ##...#
#..##....#
#..#.....#
#..J....####
#...@......##
#...o.......#
#..o........#
#.oo.........##
#....##...###..##
...... #..##
##..##
........).#
##..## .
...........
##..## #. ######
##..##..


You could see a jelly, an orc priest, an orc wizard and 2 orcs.

Vanquished Creatures
  An ogre (D:7)
  A centaur (D:5)
  A giant frog (D:6)
  A jelly (D:7)
  Ijyb (D:2)
  Terence (D:2)
  3 worker ants
  A hound skeleton (D:5)
  Robin (D:2)
  10 adders
  2 shadow imps (D:5)
  An adder skeleton (D:5)
  4 worms
  A dart slug (D:2)
  3 giant geckos
  An orc (D:6)
  2 ball pythons (D:3)
  6 giant cockroaches
  15 goblins
  5 hobgoblins
  6 jackals
  3 kobolds
  A quokka (D:5)
  11 bats
  7 giant newts
  13 rats
102 creatures vanquished.

Vanquished Creatures (collateral kills)
  An ogre (D:4)
  3 goblins (D:2)
4 creatures vanquished.

Grand Total: 106 creatures vanquished

Notes
Turn   | Place    | Note
--------------------------------------------------------------
     0 | D:1      | Ijustatesigmund the Octopode Transmuter began the quest for the Orb.
     0 | D:1      | Reached XP level 1. HP: 13/13 MP: 3/3
   216 | D:1      | Reached XP level 2. HP: 18/18 MP: 5/5
   662 | D:1      | Reached XP level 3. HP: 25/25 MP: 6/6
   666 | D:1      | Learned a level 2 spell: Sticks to Snakes
   670 | D:1      | Learned a level 3 spell: Spider Form
   786 | D:2      | Noticed Terence
   804 | D:2      | Killed Terence
  1182 | D:2      | Reached XP level 4. HP: 27/30 MP: 7/7
  1240 | D:2      | Reached skill level 1 in Poison Magic
  1308 | D:2      | Noticed Ijyb
  1335 | D:2      | Killed Ijyb
  1557 | D:2      | Reached skill level 4 in Unarmed Combat
  1975 | D:2      | Noticed Robin
  1981 | D:2      | Killed Robin
  1981 | D:2      | Reached XP level 5. HP: 13/36 MP: 4/8
  3006 | D:3      | Reached skill level 1 in Stealth
  3236 | D:3      | Found a faded altar to an unknown god.
  3241 | D:3      | Reached XP level 6. HP: 31/42 MP: 9/9
  4062 | D:5      | Entered Level 5 of the Dungeon
  4502 | D:5      | Found a deep blue altar of Sif Muna.
  4508 | D:5      | Became a worshipper of Sif Muna the Loreminder
  5112 | D:6      | Reached skill level 5 in Unarmed Combat
  5112 | D:6      | Reached XP level 7. HP: 40/48 MP: 10/10
  5237 | D:6      | Noticed mrath's ghost (novice DsAK)
  5680 | D:7      | Reached skill level 1 in Invocations
  5977 | D:7      | Splashed by a jelly's acid

Vault maps used:
D:1:      scummos_arrival_simple_crosswalls
D:2:      corexii_shack, kennysheep_generic_room_10, uniq_terence, uniq_iyjb,
          uniq_robin
D:3:      first_bread, ecumenical_altar_2
D:4:      serial_shops, shop_statue, kennysheep_generic_room_3, uniq_natasha
D:5:      basic_altar
D:6:      minitemple, serial_curves, eino_curves_02, eino_curves_03,
          serial_shops, shop_statue, kennysheep_mini_moat, shop, shop,
          uniq_pikel
D:7:      minmay_temple_entry_trees, grunt_ogre_cave

Skill      XL: |  1  2  3  4  5  6  7 |
---------------+----------------------+-----
Fighting       | 2 3 4 |  4.0
Poison Magic   | 1 2 |  2.5
Unarmed Combat | 4 5 |  5.1
Stealth        | 1 3 |  3.0
Transmutations | 3 |  3.8
Invocations    | 1 |  1.8
Dodging        | |  2.0
Spellcasting   | |  2.4

Action                   |  1- 3 |  4- 6 |  7- 9 || total
-------------------------+-------+-------+-------++-------
Melee: Unarmed           |    62 |   179 |    24 ||   265
 Cast: Beastly Appendage |     4 |    16 |     5 ||    25
       Sticks to Snakes  |     2 |    12 |     3 ||    17
Evoke: Wand              |       |       |     1 ||     1
  Use: Scroll            |     6 |     5 |     1 ||    12
       Potion            |       |     2 |     1 ||     3
 Stab: Sleeping          |     9 |    13 |     5 ||    27
       Distracted        |       |     1 |       ||     1
  Eat: Chunk             |     1 |     7 |     1 ||     9
       Royal jelly       |       |     1 |       ||     1
       Beef jerky        |       |     1 |       ||     1
       Fruit             |       |     4 |       ||     4
       Bread ration      |       |       |     1 ||     1
